Map: Orbital Shipyard

Players

IIllIIllIIll (Tefel) - Winner!

  • Race: Zerg Zerg
  • League: Grandmaster

Namshar

  • Race: Zerg Zerg
  • League: Grandmaster

Event: Gauntlet LotV Series 1 Qualifier 1

VOD

Have the link to the VOD?

Description

Time

  • Played on: Nov. 22, 2015, 5:20 p.m.
  • Length: 9:56

All games in this series

Show
View Real Time Build Order
Export as new Build Order

IIllIIllIIll Zerg - Winner!

Build Orders: 3 Hatch before Pool 

Get SALT Encoding   

  12  0:00  Drone  
  13  0:08  Drone  
  14  0:17  Overlord  
  14  0:24  Drone, Extractor  
  15  0:35  Drone x2  
  17  0:51  Hatchery  
  17  0:54  Drone  
  17  0:57  Drone  
  18  1:17  Hatchery  
  17  1:25  Extractor  
  16  1:31  Spawning Pool  
  15  1:33  Drone  
  15  1:38  Drone  
  17  1:41  Drone  
  17  1:46  Drone  
  19  1:58  Drone  
  20  2:09  Drone  
  21  2:18  Queen x2  
  21  2:19  Zergling x4  
  27  2:26  Metabolic Boost  
  27  2:30  Drone  
  27  2:33  Drone  
  29  2:37  Drone x2  
  29  2:40  Drone  
  29  2:43  Drone  
  33  2:48  Baneling Nest  
  32  2:53  Overlord  
  32  2:56  Drone  
  33  2:59  Drone  
  34  3:08  Overlord  
  34  3:12  Zergling x2  
  35  3:13  Zergling x8  
  35  3:18  Zergling x4  
  41  3:24  Zergling x2  
  41  3:27  Zergling x4  
  41  3:31  Zergling x2  
  41  3:32  Zergling x6  
  45  3:35  Zergling x2  
  45  3:36  Baneling  
  45  3:41  Zergling x2  
  41  3:42  Zergling x2  
  41  3:45  Zergling x2  
  41  3:48  Zergling x2  
  40  3:49  Baneling  
  40  3:52  Zergling x2  
  41  3:55  Zergling x2  
  41  3:58  Zergling x2  
  41  4:02  Zergling x2  
  38  4:09  Zergling x4  
  39  4:14  Zergling x2  
  39  4:16  Zergling x2  
  39  4:17  Zergling x2  
  37  4:18  Baneling  
  37  4:21  Zergling x2  
  37  4:23  Drone  
  38  4:26  Baneling x2  
  38  4:28  Drone  
  38  4:38  Zergling x2  
  38  4:39  Drone, Zergling x4  
  38  4:41  Zergling x2  
  38  4:42  Baneling  
  38  4:45  Zergling x2  
  44  4:47  Zergling x2  
  44  4:49  Drone  
  44  4:59  Zergling x6  
  46  5:00  Baneling x2  
  46  5:03  Zergling x2  
  46  5:04  Zergling x2  
  48  5:09  Queen  
  50  5:16  Overlord  
  50  5:18  Zergling x2  
  50  5:24  Overlord  
  50  5:32  Queen  
  49  5:35  Zergling x4  
  49  5:40  Zergling x8  
  51  5:44  Zergling x4  
  51  5:47  Queen  
  51  5:48  Overlord  
  51  5:51  Baneling x2  
  51  5:56  Zergling x4  
  53  6:01  Drone  
  54  6:11  Zergling x6  
  54  6:15  Zergling x2  
  54  6:16  Zergling x2  
  53  6:19  Baneling, Zergling x4  
  53  6:20  Zergling x4  
  53  6:24  Baneling  
  53  6:25  Zergling x2  
  58  6:29  Baneling  
  58  6:31  Zergling x4  
  57  6:35  Zergling x2  
  57  6:41  Zergling x2  
  57  6:43  Zergling x2  
  57  6:48  Zergling x2  
  57  6:52  Zergling x2  
  57  6:53  Baneling x2  
  57  6:54  Zergling x2  
  57  6:56  Zergling x2  
  57  6:57  Zergling x6  
  61  7:04  Zergling x4  
  61  7:06  Zergling x6  
  63  7:10  Zergling x2  
  62  7:16  Zergling x4  
  62  7:23  Zergling x4  
  62  7:26  Zergling x2  
  62  7:29  Zergling x8  
  65  7:31  Zergling x2  
  65  7:32  Zergling x4  
  65  7:33  Zergling x2  
  65  7:36  Zergling x2  
  62  7:39  Zergling x2  
  62  7:41  Zergling x2  
  60  7:45  Baneling  
  60  7:46  Zergling x2  
  60  7:47  Zergling x2  
  60  7:48  Zergling x4  
  60  7:50  Zergling x2  
  65  7:51  Zergling x2  
  57  8:02  Zergling x6  
  57  8:04  Baneling x5  
  58  8:05  Zergling x6  
  58  8:07  Zergling x2  
  58  8:08  Zergling x2  
  58  8:10  Zergling x2  
  63  8:13  Zergling x2  
  63  8:14  Zergling x2  
  63  8:17  Zergling x2  
  63  8:18  Zergling x2  
  65  8:21  Zergling x2  
  65  8:23  Zergling x2  
  65  8:26  Zergling x2  
  63  8:27  Baneling  
  63  8:29  Zergling x2  
  63  8:32  Zergling x2  
  63  8:33  Zergling x2  
  61  8:39  Zergling x4  
  56  8:48  Zergling x4  
  56  8:49  Zergling x2  
  56  8:50  Zergling x6  
  56  8:51  Zergling x2  
  56  8:54  Zergling x2  
  56  8:55  Zergling x2  
  62  8:57  Zergling x2  
  62  8:59  Zergling x2  
  62  9:01  Baneling x3  
  63  9:04  Zergling x2  
  63  9:09  Zergling x2  
  65  9:12  Baneling x2, Zergling x2  
  65  9:13  Zergling x2  
  63  9:17  Zergling x4  
  59  9:24  Zergling x4  
  59  9:25  Zergling x4  
  59  9:27  Zergling x2  
  59  9:31  Zergling x4  
Show
View Real Time Build Order
Export as new Build Order

Namshar Zerg 

Build Orders: Pool First, Zergling Baneling 

Get SALT Encoding   

  12  0:00  Drone  
  13  0:12  Overlord  
  13  0:17  Drone  
  14  0:31  Drone x2  
  14  0:34  Drone  
  17  0:44  Drone, Extractor  
  17  0:49  Spawning Pool  
  16  0:55  Drone  
  17  1:14  Hatchery  
  17  1:16  Drone  
  17  1:20  Drone  
  18  1:35  Queen  
  18  1:36  Zergling x2  
  21  1:41  Overlord  
  21  1:49  Metabolic Boost  
  21  1:52  Drone  
  22  2:00  Drone  
  23  2:08  Baneling Nest  
  22  2:12  Queen  
  25  2:22  Drone  
  25  2:37  Zergling x4  
  25  2:38  Zergling x4  
  29  2:45  Zergling x6  
  32  2:51  Overlord  
  32  2:57  Zergling x2  
  33  2:59  Zergling x2  
  34  3:07  Zergling x2  
  34  3:12  Overlord  
  35  3:18  Zergling x2  
  36  3:24  Baneling x2  
  36  3:26  Zergling x2  
  38  3:27  Zergling x10  
  41  3:35  Zergling x2  
  40  3:46  Baneling x2  
  40  3:48  Zergling x8  
  40  3:57  Zergling x2  
  38  4:03  Zergling x2  
  34  4:17  Zergling x4  
  34  4:21  Zergling x2  
  34  4:22  Zergling x2  
  34  4:23  Baneling x4  
  35  4:31  Zergling x4  
  36  4:41  Zergling x4  
  37  4:51  Zergling x12  
  43  4:55  Drone x2  
  43  4:56  Evolution Chamber  
  41  5:05  Drone  
  41  5:06  Drone  
  40  5:23  Drone x8  
  40  5:27  Zerg Ground Armor Level 1  
  44  5:47  Queen  
  46  5:50  Drone x3  
  48  6:02  Hatchery  
  47  6:04  Baneling x2  
  42  6:20  Baneling  
  42  6:24  Zergling x16  
  50  6:29  Drone  
  50  6:30  Drone  
  51  6:38  Baneling x2  
  46  6:47  Zergling x10  
  47  6:55  Zergling x2  
  47  6:56  Zergling x6  
  50  7:02  Zergling x2  
  50  7:08  Zergling x6  
  52  7:12  Zergling x2  
  52  7:14  Baneling x2  
  52  7:15  Baneling x2  
  47  7:24  Zergling x2  
  47  7:25  Zergling x10  
  42  7:35  Zergling x2  
  42  7:36  Zergling x6  
  44  7:43  Queen  
  43  7:45  Zergling x4  
  43  7:51  Zergling x6  
  43  8:02  Baneling x2  
  43  8:03  Baneling x2  
  43  8:06  Queen  
  43  8:07  Drone  
  43  8:08  Drone x2  
  43  8:10  Baneling x2  
  48  8:19  Zergling x8  
  46  8:32  Zergling x2  
  46  8:33  Zergling x4  
  46  8:34  Zergling x4  
  46  8:35  Baneling  
  35  8:52  Zergling x2  
  35  8:53  Queen x2  
  38  8:58  Baneling x2  
  38  8:59  Baneling x4  
  38  9:01  Zergling x2  
  38  9:02  Zergling x2  
  40  9:05  Zergling x4  
  40  9:08  Hatchery  
  34  9:18  Zergling x8  
  34  9:23  Zergling x8  
  31  9:31  Zergling x4  
Tags
 
Add a new tag
Caveats
  • Supply blocks, unpowered buildings, or Contaminate may cause inaccurate times.
  • Supply counts are checked every 10 seconds.